 Dungeon Crawl Stone Soup version 0.17-a0-1949-g1acca9a (webtiles) character file.

101241 Ordine the Fighter (level 15, -9/111 HPs)
             Began as a Minotaur Gladiator on Oct 2, 2015.
             Was the Champion of Okawaru.
             Mangled by a very large slime creature (35 damage)
             ... on level 15 of the Dungeon.
             The game lasted 03:06:52 (25210 turns).

Ordine the Fighter (Minotaur Gladiator)            Turns: 25210, Time: 03:06:52

Health: -9/111     AC: 18    Str: 29    XL:     15   Next: 82%
Magic:  14/19      EV: 18    Int: 10    God:    Okawaru [******]
Gold:   372        SH:  0    Dex: 20    Spells: 1 memorised, 11 levels left

rFire  . . .     SeeInvis .     d - +9 quarterstaff "Raid Gio" {speed, *Contam *Drain Str+2 Int+9}
rCold  + . .     Clarity  +     C - +2 plate armour {rN+}
rNeg   + + .     SustAt   .     (no shield)
rPois  +         Gourm    +     c - +0 hat
rElec  .         Spirit   .     J - +0 cloak
rCorr  .         Warding  .     S - +2 pair of gloves {Dex+3}
rMut   .         Stasis   .     y - -3 pair of boots "Afitisaz" {rC+ rN+ Str+4}
MR     +....                    O - amulet of the gourmand
Stlth  ..........               q - +2 ring of slaying
                                f - +5 ring of strength

@: finesse, somewhat resistant to hostile enchantments, extremely unstealthy
A: retaliatory headbutt, hooves 1, horns 2, molten scales 1, blink, clarity,
deformed body, dopey 2, frail 2, low mp 1, poison resistance, regeneration 1,
weak 1, MP-powered wands
a: Blink, Heroism, Finesse, Renounce Religion


You were on level 15 of the Dungeon.
You worshipped Okawaru.
Okawaru was exalted by your worship.
You were completely stuffed.

You visited 4 branches of the dungeon, and saw 28 of its levels.
You also visited: Labyrinth, Sewer and Ice Cave.

You collected 3145 gold pieces.
You spent 2773 gold pieces at shops.

Inventory:

Hand weapons
 d - the +9 quarterstaff "Raid Gio" (weapon) {speed, *Contam *Drain Str+2 Int+9}
   (Okawaru gifted it to you on level 11 of the Dungeon)

   Attacks with this weapon are significantly faster.
   It affects your strength (+2).
   It affects your intelligence (+9).
   It causes magical contamination when unequipped.
   It causes draining when unequipped.
Armour
 c - a +0 hat (worn)
 j - a +2 buckler
 w - the +0 buckler of Pride {rElec rC++ MP+9 Dex-5}
   (Okawaru gifted it to you on level 4 of the Orcish Mines)

   It affects your dexterity (-5).
   It greatly protects you from cold.
   It insulates you from electricity.
   It affects your magic capacity (+9).
 x - a +2 plate armour of cold resistance
 y - the -3 pair of boots "Afitisaz" (worn) {rC+ rN+ Str+4}
   (You found it in a labyrinth)

   It affects your strength (+4).
   It protects you from cold.
   It protects you from negative energy.
 C - a +2 plate armour of positive energy (worn)
 J - a +0 cloak (worn)
 S - a +2 pair of gloves of dexterity (worn)
Magical staves
 n - an uncursed staff of earth
Jewellery
 f - a +5 ring of strength (left hand)
 q - a +2 ring of slaying (right hand)
 L - an uncursed amulet of warding
 O - an amulet of the gourmand (around neck)
Magical devices
 e - a wand of lightning (8)
 s - a wand of digging (15)
 H - a wand of fire (4)
 P - a wand of cold (9)
Scrolls
 g - a scroll of holy word
 k - 10 scrolls of remove curse
 m - a scroll of identify
 t - 6 scrolls of teleportation
 v - a scroll of fear
 D - a scroll of blinking
 I - 4 scrolls of fog
 Z - 2 scrolls of recharging
Potions
 i - 4 potions of lignification
 l - 14 potions of curing
 o - 3 potions of heal wounds
 p - a potion of haste
 E - a potion of berserk rage
Miscellaneous
 u - a fan of gales
Comestibles
 a - 2 meat rations
 b - 16 fruits
 h - a bread ration
 r - 2 beef jerkies
 z - 4 chunks of flesh


   Skills:
 + Level 14.9 Fighting
 - Level 14.0 Staves
 - Level 2.0 Throwing
 + Level 13.7 Armour
 + Level 13.2 Dodging
 * Level 5.0 Earth Magic
 - Level 10.1 Invocations
 + Level 10.2 Evocations


You had 11 spell levels left.
You knew the following spells:

 Your Spells              Type           Power        Failure   Level  Hunger
a - Stone Arrow           Conj/Erth      #.....       99%         3    ####...


Dungeon Overview and Level Annotations

Branches:
Dungeon (15/15)            Temple (1/1) D:4            Lair (8/8) D:10
 Shoals (0/4) Lair:4       Spider (0/4) Lair:5        Slime (0/6) Lair:7
    Orc (4/4) D:11            Elf (0/3) Orc:4        Vaults (0/5) D:14
 Depths (0/5) D:15

Altars:
Ashenzari
Cheibriados
Dithmenos
Elyvilon
Fedhas
Gozag
Kikubaaqudgha
Makhleb
Nemelex Xobeh
Okawaru
Qazlal
Ru
Sif Muna
Trog
Vehumet
Xom
Yredelemnul
Zin
The Shining One
Beogh

Shops:
D:12 :   D:14 ?   D:15 }   Orc:4 }(=[


Innate Abilities, Weirdness & Mutations

You reflexively headbutt those who attack you in melee.
You have a pair of horns on your head.
You have large cloven feet.
You are partially covered in molten scales (AC +1).
You can translocate small distances at will.
You possess an exceptional clarity of mind.
Armour fits poorly on your strangely shaped body.
You are very dopey. (Int -4)
You are very frail (-20% HP).
Your magical capacity is low (-10% MP).
Your system is resistant to poisons.
Your natural rate of healing is unusually fast.
You are weak. (Str -2)
You expend magic power (3 MP) to strengthen your wands.


Message History

Drink which item? (? for menu, Esc to quit)
You feel much better. The large slime creature hits you.
The large slime creature completely misses you.
Use which ability?
You can now deal lightning-fast blows.
You feel somewhat less full.
The hog changes into a spiny frog!
The large slime creature hits you!!
* * * LOW HITPOINT WARNING * * *
Two slime creatures merge to form a very large slime creature.
Drink which item? (? for menu, Esc to quit)
You feel much better.
The spiny frog changes into a soldier ant!
The large slime creature hits you!!
* * * LOW HITPOINT WARNING * * *
The very large slime creature hits you but does no damage.
Drink which item? (? for menu, Esc to quit)
You feel much better.
The large slime creature barely misses you.
The very large slime creature hits you!!
You die...

#.#.#.#....∩..##
#..............
#.....##.#...##
##..............
#.....##.#####
#...............
#.#.#.##.#
######.............
#.....##.#
##.#..#.####........
#.....##.#
#.....###..##.......
#.#.#.##.#
##.##..#....##..)...
#.....##.#
#..###.......'......
#.....##.#
#..@J###....##......
#.#.#.##.# ####J#
##..###..(...
#.....##.# a.# ####
#...... #.....##.#
...# ##.#####
#.#.#.##.## ....#
#(.# #.....##..####
...## ##.##
#.....##.....###>###
#..#
#.#.#.##.......###
##.##
#.....##.........#
#..#


You could see a very large slime creature, a large slime creature and a soldier
ant shaped shifter.

Vanquished Creatures
  Rupert (D:13)
  Kirke (Lair:7)
  A frost giant (IceCv)
  The ghost of krfreak the Cleaver, a powerful MiBe of Trog (Orc:4)
  A minotaur (Lab)
  9 hydras
  2 catoblepae (Lair:8)
  3 centaur warriors (D:15)
  13 death yaks
  The ghost of Pereza0 the Basher, an experienced OgCK of Xom (D:7)
  3 orc high priests (Orc:4)
  Urug (Lair:3)
  Sonja (D:11)
  A fire crab (shapeshifter) (D:15)
  An unseen horror (D:10)
  3 hill giants
  A giant orange brain (D:15)
  An ice statue (D:13)
  2 griffons
  A wizard (D:14)
  4 orc knights (Orc:4)
  A cyclops (D:14)
  5 orc sorcerers (Orc:4)
  2 wolf spiders (Lair:5)
  2 manticores
  4 oklob plants (Lair:7)
  3 ugly things
  Maurice (D:8)
  A siren (Lair:4)
  5 black mambas
  28 spiny frogs
  3 kobold demonologists (D:14)
  5 komodo dragons
  2 efreet
  2 tengu conjurers (D:14)
  3 fire drakes
  21 blink frogs
  17 polar bears
  6 trolls
  4 giant leeches (Lair:8)
  2 freezing wraiths (D:14)
  19 slime creatures
  A harpy skeleton (D:15)
  Prince Ribbit (D:8)
  A wyvern (D:14)
  A trapdoor spider (D:11)
  3 hogs (Lair:7)
  4 wraiths
  A human (shapeshifter) (D:15)
  56 yaks
  3 deep elf magi
  4 basilisks
  Grum (Lair:1)
  12 hippogriffs
  11 vampire mosquitoes
  2 hungry ghosts
  A warg (Orc:2)
  A soldier ant (D:12)
  14 water moccasins
  26 wolves
  3 sky beasts
  3 phantoms
  7 porcupines
  23 orc warriors
  2 spiders (Lair:5)
  6 ice beasts
  An eye of draining (D:14)
  2 necrophages
  11 ogres
  15 crocodiles
  A wasp (D:13)
  4 centaurs
  A brain worm (Lair:8)
  5 big kobolds
  26 giant frogs
  A wyvern skeleton (D:14)
  2 scorpions (D:14)
  7 wights
  4 killer bees (D:13)
  A troll skeleton (D:10)
  4 spriggan skeletons (D:10)
  3 electric eels (Lair:8)
  9 crimson imps
  2 centaur skeletons
  30 orc priests
  2 giant frog zombies
  7 iguanas
  36 orc wizards
  Ijyb (D:2)
  3 hounds
  3 jellies
  10 worker ants
  A giant frog skeleton (D:4)
  2 hell rats
  3 quasits
  Terence (D:3)
  Natasha (thrice) (D:3)
  32 sheep
  A hound skeleton (D:9)
  Robin (D:3)
  A gnoll (D:9)
  55 river rats
  3 shadow imps
  9 adders
  3 oozes
  4 adder skeletons
  2 adder zombies (D:6)
  3 worms
  188 orcs
  5 ball pythons
  13 giant cockroaches
  5 hobgoblins
  9 jackals
  9 bats
  A giant cockroach zombie (D:3)
  3 giant geckos
  5 giant newts
  19 goblins
  A jackal zombie (D:5)
  25 kobolds
  3 quokkas
  A quokka skeleton (D:5)
  21 rats
  A bush (Lair:3)
  A fungus (Lair:5)
  A plant (Lair:7)
1001 creatures vanquished.

Vanquished Creatures (others)
  A black bear (D:13)
  2 kobolds (D:13)
  20 fungi
  16 plants
39 creatures vanquished.

Grand Total: 1040 creatures vanquished

Notes
Turn   | Place    | Note
--------------------------------------------------------------
     0 | D:1      | Ordine the Minotaur Gladiator began the quest for the Orb.
     0 | D:1      | Reached XP level 1. HP: 18/18 MP: 0/0
    90 | D:1      | Reached skill level 4 in Staves
    95 | D:1      | Reached XP level 2. HP: 25/25 MP: 1/1
   656 | D:2      | Noticed Ijyb
   668 | D:2      | Killed Ijyb
   668 | D:2      | Reached skill level 5 in Staves
   668 | D:2      | Reached XP level 3. HP: 8/30 MP: 2/2
   891 | D:2      | Found a bloodstained altar of Trog.
  1026 | D:2      | Reached XP level 4. HP: 37/37 MP: 3/3
  1039 | D:2      | Reached skill level 6 in Staves
  1266 | D:3      | Noticed Robin
  1275 | D:3      | Killed Robin
  1365 | D:3      | Noticed Natasha
  1374 | D:3      | Killed Natasha
  1374 | D:3      | Reached skill level 7 in Staves
  1374 | D:3      | Reached XP level 5. HP: 34/42 MP: 4/4
  1484 | D:3      | Found a faded altar to an unknown god.
  1621 | D:3      | Noticed Natasha
  1626 | D:3      | Killed Natasha
  1697 | D:3      | Noticed Terence
  1710 | D:3      | Killed Terence
  1710 | D:3      | Reached skill level 8 in Staves
  1979 | D:3      | Reached XP level 6. HP: 50/50 MP: 5/5
  2060 | D:3      | Noticed Natasha
  2064 | D:3      | Killed Natasha
  2299 | D:4      | Found a white marble altar of Elyvilon.
  2432 | D:4      | Found a staircase to the Ecumenical Temple.
  2437 | Temple   | Entered the Ecumenical Temple
  2538 | Temple   | Became a worshipper of Warmaster Okawaru
  2748 | D:4      | Reached skill level 9 in Staves
  2794 | D:4      | Found a shadowy altar of Dithmenos.
  2942 | D:5      | Entered Level 5 of the Dungeon
  3016 | D:5      | Found a glowing drain.
  3034 | Sewer    | Entered a sewer
  3116 | Sewer    | Reached XP level 7. HP: 49/56 MP: 6/6
  3531 | Sewer    | Acquired Okawaru's first power
  3531 | Sewer    | Reached skill level 10 in Staves
  3863 | D:5      | Found a sparkling altar of Nemelex Xobeh.
  4023 | D:5      | Reached skill level 11 in Staves
  4102 | D:5      | Got a faintly glowing robe
  4113 | D:5      | Identified the +2 robe of Haxtary {*Confuse rPois rN+ Dex-3} (You found it on level 5 of the Dungeon)
  4637 | D:6      | Reached XP level 8. HP: 58/62 MP: 7/7
  4661 | D:6      | Found a sacrificial altar of Ru.
  4941 | D:6      | Reached skill level 12 in Staves
  5201 | D:7      | Noticed Pereza0's ghost (experienced OgCK)
  5462 | D:7      | Killed Pereza0's ghost
  5462 | D:7      | Reached skill level 14 in Staves
  5462 | D:7      | Reached XP level 9. HP: 30/68 MP: 5/8
  5679 | D:7      | Reached skill level 1 in Armour
  6206 | D:7      | Reached skill level 5 in Dodging
  6482 | D:8      | Reached skill level 5 in Armour
  6486 | D:8      | Gained mutation: You can spit weak poison. [mutagenic meat]
  6487 | D:8      | Gained mutation: You possess an exceptional clarity of mind. [mutagenic meat]
  6488 | D:8      | Gained mutation: You are partially covered in molten scales (AC +1). [mutagenic meat]
  6489 | D:8      | Gained mutation: Your system is resistant to poisons. [mutagenic meat]
  6667 | D:8      | Noticed Maurice
  6672 | D:8      | Killed Maurice
  6690 | D:8      | Noticed Prince Ribbit
  6696 | D:8      | Killed Prince Ribbit
  6874 | D:8      | Found a deep blue altar of Sif Muna.
  7058 | D:9      | Reached XP level 10. HP: 74/74 MP: 9/9
  7156 | D:9      | Found a radiant altar of Vehumet.
  7168 | D:9      | Acquired Okawaru's second power
  7679 | D:9      | Found a shimmering altar of Xom.
  7758 | D:10     | Entered Level 10 of the Dungeon
  7794 | D:10     | Gained mutation: You are frail (-10% HP). [mutagenic meat]
  7795 | D:10     | Gained mutation: Armour fits poorly on your strangely shaped body. [mutagenic meat]
  7796 | D:10     | Gained mutation: Your natural rate of healing is unusually fast. [mutagenic meat]
  7798 | D:10     | Lost mutation: You can spit weak poison. [mutagenic meat]
  7799 | D:10     | Gained mutation: You can translocate small distances at will. [mutagenic meat]
  7908 | D:10     | Gained mutation: Your magical capacity is low (-10% MP). [mutagenic glow]
  8023 | D:10     | Found a staircase to the Lair.
  8200 | D:10     | Got a warped chain mail
  8216 | D:10     | Identified the cursed +1 chain mail of Bedevilment {rF- rC+++ Stlth-} (You took it off an orc on level 10 of the Dungeon)
  8383 | D:10     | Killed an unseen horror
  8767 | D:10     | Received a gift from Okawaru
  8774 | D:10     | Reached skill level 10 in Armour
  8885 | Lair:1   | Entered Level 1 of the Lair of Beasts
  8894 | Lair:1   | Reached skill level 10 in Dodging
  8896 | Lair:1   | Reached XP level 11. HP: 72/72 MP: 8/8
  9094 | Lair:1   | Noticed Grum
  9104 | Lair:1   | Reached skill level 5 in Fighting
  9109 | Lair:1   | Killed Grum
  9186 | Lair:1   | Noticed a four-headed hydra
  9202 | Lair:1   | Killed a four-headed hydra
  9219 | Lair:1   | Received a gift from Okawaru
  9532 | Lair:1   | Reached skill level 1 in Invocations
  9868 | Lair:2   | Noticed a six-headed hydra
  9876 | Lair:2   | Killed a six-headed hydra
  9986 | Lair:2   | Reached skill level 10 in Fighting
 10283 | Lair:2   | Reached skill level 5 in Invocations
 10479 | Lair:2   | Reached XP level 12. HP: 96/96 MP: 13/13
 10877 | Lair:3   | Received a gift from Okawaru
 11138 | Lair:3   | Noticed a four-headed hydra
 11320 | Lair:3   | Noticed Urug
 11342 | Lair:3   | Killed Urug
 11590 | Lair:3   | Killed a four-headed hydra
 11590 | Lair:3   | Received a gift from Okawaru
 11810 | Lair:4   | Received a gift from Okawaru
 11908 | Lair:4   | Found a staircase to the Shoals.
 12665 | Lair:5   | Found a hole to the Spider Nest.
 12674 | Lair:5   | Reached skill level 10 in Invocations
 12849 | Lair:5   | Reached skill level 1 in Evocations
 13369 | Lair:5   | Reached XP level 13. HP: 84/106 MP: 14/17
 13377 | Lair:5   | Received a gift from Okawaru
 14238 | Lair:7   | Noticed Kirke
 14615 | Lair:7   | Killed Kirke
 14833 | Lair:7   | Reached skill level 5 in Evocations
 15149 | Lair:7   | Found a staircase to the Slime Pits.
 15371 | Lair:8   | Entered Level 8 of the Lair of Beasts
 15464 | Lair:8   | Received a gift from Okawaru
 15676 | Lair:8   | Reached XP level 14. HP: 98/116 MP: 18/18
 17157 | D:11     | Found a staircase to the Orcish Mines.
 17179 | D:11     | Found a roughly hewn altar of Beogh.
 17214 | D:11     | Noticed Sonja
 17227 | D:11     | Killed Sonja
 17227 | D:11     | Received a gift from Okawaru
 17228 | D:11     | Got a smoking quarterstaff {god gift}
 17232 | D:11     | Identified the +9 quarterstaff "Raid Gio" {speed, *Contam *Drain Str+2 Int+9} (Okawaru gifted it to you on level 11 of the Dungeon)
 17325 | D:11     | Found a labyrinth entrance.
 17335 | Lab      | Entered a labyrinth
 17714 | Lab      | Got a transparent trident {flame}
 17722 | Lab      | Identified the +8 trident of Ujuocemp {flame, rElec Int+6 Dex+3} (You took it off a minotaur in a labyrinth)
 17728 | Lab      | Got a pair of bloodstained boots
 17734 | D:11     | Identified a +4 rod of destruction (11/11) (You found it in a labyrinth)
 17756 | D:11     | Identified the -3 pair of boots "Afitisaz" {rC+ rN+ Str+4} (You found it in a labyrinth)
 17777 | D:11     | Gained mutation: You are dopey. (Int -2) [mutagenic glow]
 17827 | D:11     | Gained mutation: You are very dopey. (Int -4) [mutagenic glow]
 17867 | D:11     | Gained mutation: You are very frail (-20% HP). [mutagenic glow]
 18015 | D:11     | Gained mutation: You are agile. (Dex +2) [mutagenic meat]
 18016 | D:11     | Gained mutation: You expend magic power (3 MP) to strengthen your wands. [mutagenic meat]
 18017 | D:11     | Gained mutation: You have large cloven feet. [mutagenic meat]
 18475 | Orc:1    | Entered Level 1 of the Orcish Mines
 19192 | Orc:1    | You fall through a shaft!
 19367 | Orc:2    | Found a roughly hewn altar of Beogh.
 20514 | Orc:4    | Entered Level 4 of the Orcish Mines
 20548 | Orc:4    | Noticed krfreak's ghost (powerful MiBe)
 20562 | Orc:4    | Killed krfreak's ghost
 20681 | Orc:4    | Found a staircase to the Elven Halls.
 20832 | Orc:4    | Found Liampi's Gadget Emporium.
 20885 | Orc:4    | Received a gift from Okawaru
 20913 | Orc:4    | Received a gift from Okawaru
 20918 | Orc:4    | Got a spiked buckler {god gift}
 20925 | Orc:4    | Found Xaolewn's Jewellery Boutique.
 20984 | Orc:4    | Found Guan's Antique Armour Boutique.
 20995 | Orc:4    | Found Ydofunuk's Weapon Emporium.
 21136 | Orc:4    | Bought a glowing plate armour for 598 gold pieces
 21136 | Orc:4    | Bought a runed shield for 117 gold pieces
 21136 | Orc:4    | Bought a runed scale mail for 104 gold pieces
 21136 | Orc:4    | Bought a runed plate armour for 598 gold pieces
 21146 | Orc:4    | Bought a cursed amulet of the gourmand for 432 gold pieces
 21164 | Orc:4    | Identified the +0 buckler of Pride {rElec rC++ MP+9 Dex-5} (Okawaru gifted it to you on level 4 of the Orcish Mines)
 21170 | Orc:4    | Gained mutation: Your body sometimes deteriorates upon taking damage. [mutagenic glow]
 21736 | D:12     | Reached XP level 15. HP: 79/109 MP: 19/19
 22052 | D:12     | Found Axagifirr's Book Emporium.
 22062 | D:12     | Bought a Fen Folio for 900 gold pieces
 22134 | D:12     | Learned a level 3 spell: Stone Arrow
 22185 | D:13     | Reached skill level 1 in Earth Magic
 22389 | D:13     | Noticed Rupert
 22416 | D:13     | Killed Rupert
 22625 | D:13     | Found a frozen archway.
 22647 | IceCv    | Entered an ice cave
 22776 | IceCv    | Reached skill level 10 in Evocations
 23082 | IceCv    | Received a gift from Okawaru
 24111 | D:14     | Found Untoc's Magic Scroll Emporium.
 24120 | D:14     | Bought a scroll of identify for 24 gold pieces
 24403 | D:14     | Found a gate to the Vaults.
 24527 | D:15     | Entered Level 15 of the Dungeon
 24737 | D:15     | Received a gift from Okawaru
 24766 | D:15     | Found a blossoming altar of Fedhas.
 25052 | D:15     | Lost mutation: Your body sometimes deteriorates upon taking damage. [mutagenic meat]
 25053 | D:15     | Gained mutation: You are weak. (Str -2) [mutagenic meat]
 25054 | D:15     | Lost mutation: You are agile. (Dex +2) [mutagenic meat]
 25133 | D:15     | Found Nivab's Gadget Shoppe.
 25182 | D:15     | Reached skill level 5 in Earth Magic
 25200 | D:15     | Found a staircase to the Depths.
 25210 | D:15     | Mangled by a very large slime creature

Vault maps used:
D:1:      dpeg_arrival_stonehenge_8_columns
D:2:      bloody_trog, kennysheep_generic_room_13, uniq_iyjb
D:3:      first_bread, ecumenical_altar_2, uniq_robin, uniq_terence,
          uniq_natasha
D:4:      old_standard_altar, elyvilon_altar_5, temple_doors_d,
          minmay_misc_feat_rows
D:5:      nemelex_xobeh_ov_fountains_minmay, portal_sewer_entry_f,
          kennysheep_pointless_box
D:6:      nicolae_ru_awakened_eye
D:8:      lemuel_blue_sif_altar, uniq_prince_ribbit1, uniq_maurice
D:9:      tgw_xom, vehumet_altar_wand_db
D:10:     david_lair_shrubbed, hangedman_tell_no_tales
D:11:     minmay_orc_entry_temple_small, lab_entry_generic, uniq_sonja
D:12:     serial_shops, shop
D:13:     portal_ice_cave_entry_ice_statue_01, spider_trap,
          lemuel_nasty_fountain, uniq_rupert
D:14:     david_vaults_1, serial_shops, nicolae_shop_stone
D:15:     gammafunk_enter_depths_forms, serial_shops, shop, fedhas_altar_4,
          minivault_25, columned_hall_lemuel, spider_trap
Temple:   circular_temple_12
Lair:1:   uniq_grum
Lair:2:   nicolae_quartered_pool_little, cheibrodos_lair_caveside_slide
Lair:3:   grunt_megastairs_3, lemuel_fruit_tree, serial_bayou_shore_b,
          infiniplex_staircase_pool_2, uniq_urug
Lair:4:   minmay_shoals_entry_lonely_mermaid
Lair:5:   spider_nest_entry_funnel_web
Lair:6:   kennysheep_rathole, grunt_forest_stairs_basic, grunt_megastairs_2
Lair:7:   dpeg_oklob_gauntlet, dpeg_slime_entry_corner, uniq_kirke
Lair:8:   minmay_lair_end_frog_pond
Orc:1:    minmay_goldmine
Orc:2:    basic_altar
Orc:3:    nicolae_orc_pool_cavern
Orc:4:    st_orc_elflike
Lab:      labyrinth_mini_lab, nicolae_lab_big_swirl, nicolae_lab_plus,
          nicolae_lab_t_cross
Sewer:    sewer_minmay_treatment
IceCv:    ice_cave_caverns_03

Action                   |  1- 3 |  4- 6 |  7- 9 | 10-12 | 13-15 || total
-------------------------+-------+-------+-------+-------+-------++-------
Melee: Quarterstaff      |    57 |   171 |   283 |   207 |   909 ||  1627
       Lajatang          |       |       |       |   454 |   441 ||   895
       Staff             |       |       |       |     2 |       ||     2
       Unarmed           |       |       |       |       |     2 ||     2
Throw: Tomahawk          |       |       |       |    63 |    16 ||    79
       Throwing net      |       |       |       |       |     2 ||     2
Invok: Heroism           |       |       |     1 |     1 |     8 ||    10
       Finesse           |       |       |       |       |    12 ||    12
Evoke: Deck              |       |       |       |    13 |       ||    13
       Wand              |       |       |       |       |    22 ||    22
  Use: Scroll            |     4 |     5 |    11 |    12 |    10 ||    42
       Potion            |       |       |     1 |     5 |     8 ||    14
 Stab: Sleeping          |       |       |       |     5 |     5 ||    10
       Distracted        |       |       |       |     1 |     2 ||     3
       Petrifying        |       |       |       |       |     2 ||     2
       Held in net/web   |       |       |       |       |     1 ||     1
  Eat: Chunk             |       |     6 |    14 |    24 |    50 ||    94
       Beef jerky        |       |       |     1 |       |     3 ||     4
       Pizza             |       |       |     1 |       |       ||     1
       Fruit             |       |       |       |     1 |     9 ||    10
       Bread ration      |       |       |       |     1 |       ||     1
